 Dungeon Crawl Stone Soup version 0.18-a0-1186-gd02dc51 (webtiles) character file.

109 ThermosAquaticus the Poker (level 4, -1/33 HPs)
             Began as a Merfolk Skald on Jan 28, 2016.
             Slain by a goblin (3 damage)
             ... led by Robin
             ... on level 3 of the Dungeon.
             The game lasted 00:10:03 (3411 turns).

ThermosAquaticus the Poker (Merfolk Skald)          Turns: 3411, Time: 00:10:05

Health: -1/33      AC:  3    Str: 17    XL:     4   Next: 89%
Magic:  7/7        EV: 12    Int: 12    God:
Gold:   94         SH:  0    Dex: 13    Spells: 3 memorised, 1 level left

rFire  . . .     SeeInvis .     q - +0 trident
rCold  . . .     Gourm    .     b - +0 leather armour
rNeg   . . .     Faith    .     (no shield)
rPois  .         Spirit   .     (no helmet)
rElec  .         Dismiss  .     (no cloak)
rCorr  .         Reflect  .     (no gloves)
SustAt .         Harm     .     (no boots)
MR     .....                    (no amulet)
Stlth  +.........               (no ring)
                                (no ring)

@: mighty, about to teleport, not resistant to hostile enchantments, very
unstealthy
A: change form in water, swift swim
a: no special abilities


You were on level 3 of the Dungeon.
You were not hungry.

You visited 1 branch of the dungeon, and saw 3 of its levels.

You collected 94 gold pieces.

Inventory:

Hand Weapons
 a - a +0 spear
 q - a +0 trident (weapon)
 t - a +0 halberd
Missiles
 o - 18 poisoned needles
Armour
 b - a +0 leather armour (worn)
Jewellery
 k - a +2 ring of evasion {unknown}
Scrolls
 e - a scroll of enchant weapon {unknown}
 g - 2 scrolls of teleportation
 h - a scroll of remove curse {unknown}
 i - a scroll of fog {unknown}
 l - 2 scrolls of recharging {unknown}
 m - 2 scrolls of enchant armour {unknown}
 r - a scroll of blinking {unknown}
 s - a scroll of amnesia {unknown}
 u - a scroll of identify {unknown}
Potions
 d - a potion of might
 f - a potion of agility
 p - a potion of cure mutation {unknown}
Books
 c - a book of Battle

   Spells                             Type                      Level
   a - Infusion                       Charms                       1
   b - Shroud of Golubria             Charms/Translocation         2
   c - Song of Slaying                Charms                       2
   d - Spectral Weapon                Hexes/Charms                 3
   e - Regeneration                   Charms/Necromancy            3
Comestibles
 n - 4 chunks of flesh


   Skills:
 - Level 2.1 Fighting
 + Level 5.7 Polearms
 - Level 0.6 Armour
 - Level 2.2 Dodging
 - Level 2.0 Spellcasting
 + Level 2.2 Hexes
 - Level 3.2 Charms


You had one spell level left.
You knew the following spells:

 Your Spells              Type           Power        Failure   Level  Hunger
a - Infusion              Chrm           #...         12%         1    ##.....
b - Shroud of Golubria    Chrm/Tloc      #.........   28%         2    ###....
c - Spectral Weapon       Hex/Chrm       #.......     34%         3    ####...


Dungeon Overview and Level Annotations

Branches:
Dungeon (3/15)

Altars:
Sif Muna

Annotations:
D:3 Grinder, Jessica, Robin


Message History

The goblin hits you. The goblin closely misses you. x2
The goblin hits you but does no damage. The hobgoblin hits you with a club.
The goblin closely misses you. The hobgoblin hits you. The goblin hits you.
* * * LOW HITPOINT WARNING * * *
Drink which item? (? for menu, Esc to quit)
You feel better. The goblin hits you.
* * * LOW HITPOINT WARNING * * *
The goblin hits you but does no damage. x3; The hobgoblin misses you.
The hobgoblin closely misses you. The goblin hits you with a club.
* * * LOW HITPOINT WARNING * * *
The goblin hits you but does no damage.
Drink which item? (? for menu, Esc to quit)
It was a potion of might.
You feel very mighty all of a sudden. The goblin closely misses you.
The goblin completely misses you. The goblin closely misses you.
The goblin hits you with a club.
* * * LOW HITPOINT WARNING * * *
The hobgoblin hits you but does no damage.
The hobgoblin misses you. The goblin closely misses you. The goblin hits you.
You die...

#.................♣
#.....
#..................
......
#.................#
......
#.......†..........
......
#######............
...... ##5##
#............ ......
#8...8 #.gg)........
....##
#.....###gggg.....##
### #8.@...8
#g@gg.....#
##.....##.ggg......#
#8...8##.##########
#. #.


You could see Robin, 4 hobgoblins and 7 goblins.

Vanquished Creatures
  3 adders
  2 oozes
  4 worms
  An orc (D:3)
  2 ball pythons
  3 bats (D:1)
  3 giant cockroaches
  8 goblins
  3 hobgoblins
  3 jackals (D:2)
  11 kobolds
  2 giant newts (D:1)
  20 rats
65 creatures vanquished.

Notes
Turn   | Place    | Note
--------------------------------------------------------------
     0 | D:1      | ThermosAquaticus the Merfolk Skald began the quest for the Orb.
     0 | D:1      | Reached XP level 1. HP: 16/16 MP: 3/3
    27 | D:1      | Reached XP level 2. HP: 9/22 MP: 0/5
    87 | D:1      | Learned a level 2 spell: Shroud of Golubria
   356 | D:1      | Reached skill level 4 in Polearms
   722 | D:1      | Reached XP level 3. HP: 27/27 MP: 6/6
   727 | D:1      | Learned a level 3 spell: Spectral Weapon
  1377 | D:2      | Reached skill level 1 in Hexes
  1578 | D:2      | HP: 1/27 [worm (11)]
  1947 | D:2      | Reached skill level 5 in Polearms
  2065 | D:2      | Reached XP level 4. HP: 33/33 MP: 1/7
  2572 | D:2      | Found a deep blue altar of Sif Muna.
  3382 | D:3      | Noticed Grinder
  3387 | D:3      | Noticed Jessica
  3396 | D:3      | Noticed Robin
  3411 | D:3      | Slain by a goblin

Vault maps used:
D:1:      erik_arrival_orb_chamber
D:2:      lemuel_coloured_pillars_altar
D:3:      zin_academy, nicolae_overflow_hidden_temple, uniq_grinder,
          uniq_jessica, uniq_robin, uniq_crazy_yiuf_cottage

Action                   |  1- 3 |  4- 6 || total
-------------------------+-------+-------++-------
Melee: Spear             |   172 |    51 ||   223
       Trident           |       |    28 ||    28
 Cast: Infusion          |     1 |       ||     1
       Spectral Weapon   |     4 |     2 ||     6
       Shroud of Golubri |     2 |     2 ||     4
  Use: Potion            |     3 |     2 ||     5
       Scroll            |       |     1 ||     1
 Stab: Distracted        |     1 |       ||     1
  Eat: Chunk             |     3 |     3 ||     6
       Bread ration      |       |     1 ||     1
